 Dungeon Crawl Stone Soup version 0.20-a0-513-g02c11fc (webtiles) character file.

8040 Klosterheim the Grappler (level 11, -13/110 HPs)
             Began as a Troll Monk on Jan 22, 2017.
             Was a High Priest of Okawaru.
             Mangled by a white ugly thing (17 damage)
             ... on level 11 of the Dungeon.
             The game lasted 00:21:16 (8880 turns).

Klosterheim the Grappler (Troll Monk)               Turns: 8880, Time: 00:21:16

Health: -13/110    AC: 11    Str: 25    XL:     11   Next: 4%
Magic:  0/13       EV: 16    Int:  6    God:    Okawaru [*****.]
Gold:   532        SH:  0    Dex: 15    Spells: 10/10 levels left

rFire    . . .     SeeInvis .     - Unarmed
rCold    . . .     Gourm    +   c - +0 steam dragon scales
rNeg     . . .     Faith    .   (no shield)
rPois    .         Spirit   +   (helmet restricted)
rElec    .         Reflect  .   H - +0 cloak
rCorr    .         Harm     .   (gloves unavailable)
MR       .....                  (boots unavailable)
Stlth    ++++......             k - amulet of guardian spirit
Regen    0.7/turn               y - ring of stealth (curse)
                                e - +4 ring of strength (curse)

@: heroism
A: unfitting armour, claws 3, fast metabolism 3, gourmand, regeneration 1,
shaggy fur 1, tough skin 2
a: Heroism, Finesse, Renounce Religion


You were on level 11 of the Dungeon.
You worshipped Okawaru.
Okawaru was extremely pleased with you.
You were completely stuffed.

You visited 2 branches of the dungeon, and saw 12 of its levels.
You also visited: Sewer.

You collected 532 gold pieces.

Inventory:

Hand Weapons
 E - a +2 scimitar of flaming
Armour
 c - +0 steam dragon scales (worn)
 H - a +0 cloak (worn)
Jewellery
 e - a cursed +4 ring of strength (left claw)
 f - an uncursed ring of resist corrosion
 k - an amulet of guardian spirit (around neck)
 y - a cursed ring of stealth (right claw)
Wands
 a - a wand of acid (2/15)
 l - a wand of random effects (25/48)
 q - a wand of flame (33/48)
 s - a wand of scattershot (9/9)
 t - a wand of confusion (12/48)
 C - a wand of polymorph (9/24)
 G - a wand of lightning (5/15)
 J - a wand of polymorph (5/24)
Scrolls
 d - 4 scrolls of fear
 g - 5 scrolls of amnesia
 i - 3 scrolls of identify
 j - 4 scrolls of magic mapping
 m - 2 scrolls of blinking
 x - 3 scrolls of teleportation
 z - 3 scrolls of enchant armour
 F - 2 scrolls of recharging
 I - a scroll of fog
 M - a scroll of enchant weapon {unknown}
Potions
 h - a potion of agility
 o - 5 potions of lignification
 p - a potion of flight {unknown}
 u - 2 potions of might {unknown}
 v - 5 potions of curing
 w - a potion of ambrosia
 B - a potion of mutation {unknown}
 D - 2 potions of resistance
Books
 K - a book of Flames

   Spells                             Type                      Level
   a - Flame Tongue                   Conjuration/Fire             1
   b - Throw Flame                    Conjuration/Fire             2
   c - Conjure Flame                  Conjuration/Fire             3
   d - Inner Flame                    Hexes/Fire                   3
   e - Sticky Flame                   Conjuration/Fire             4
   f - Fireball                       Conjuration/Fire             5
Comestibles
 b - 6 bread rations
 n - 3 royal jellies
 r - 3 meat rations
 A - 8 fruits


   Skills:
 + Level 7.7(12.7) Fighting
 + Level 3.0(8.0) Armour
 + Level 4.7(9.7) Dodging
 - Level 1.0(6.0) Stealth
 * Level 12.6(17.6) Unarmed Combat
 - Level 4.0 Invocations


You had 10 spell levels left.
You didn't know any spells.

Dungeon Overview and Level Annotations

Branches:
Dungeon (11/15)            Temple (1/1) D:4            Lair (0/6) D:11
    Orc: D:9-12

Altars:
Ashenzari
Cheibriados
Dithmenos
Elyvilon
Fedhas
Gozag
Hepliaklqana
Kikubaaqudgha
Makhleb
Nemelex Xobeh
Okawaru
Qazlal
Ru
Sif Muna
Trog
Uskayaw
Vehumet
Xom
Yredelemnul
Zin
The Shining One

Shops:
D:8 }


Innate Abilities, Weirdness & Mutations

You are too large for most types of armour.
You have claws for hands.
Your metabolism is lightning-fast.
You like to eat raw meat.
Your natural rate of healing is unusually fast.
You are covered in fur. (AC +1)
You have very tough skin. (AC +2)


Message History

You barely miss the white ugly thing.
The white ugly thing is severely wounded.
The white ugly thing punches you. The white ugly thing freezes you!!
You barely miss the white ugly thing.
The white ugly thing is severely wounded.
The white ugly thing punches you! The white ugly thing freezes you!
* * * LOW HITPOINT WARNING * * *
You gain the combat prowess of a mighty hero.
The white ugly thing punches you.
* * * LOW HITPOINT WARNING * * *
The white ugly thing freezes you!
* * * LOW HITPOINT WARNING * * *
You scratch the white ugly thing.
The white ugly thing is severely wounded.
You scratch the white ugly thing.
The white ugly thing is almost dead.
The white ugly thing punches you!
* * * LOW HITPOINT WARNING * * *
The white ugly thing freezes you!!
You die...

#(F#....../#
#.#.......# ...#
.........# ... .##
#.......# #.. #.###
#.......# ... #....
##.......# ≈ #.#
#.#.# #nF.....## .≈
#.# #.#.# #u#####.#
≈≈. #.# #.#.###@####
#
≈≈..##.###..........#
§≈.........<.###.##.#
≈..####.....## #.# ..
. #.###.# #.. ..#
...# #.# #### ##
..##.# #.# .. #.. ..#
# ### ###


You could see a white ugly thing, a necrophage and a bullfrog.

Vanquished Creatures
  Erica (D:8)
  A two-headed ogre (D:9)
  Sonja (D:10)
  The ghost of nubinia the Sneak, a novice OpCj of Ashenzari (D:9)
  Maurice (D:8)
  Joseph (D:7)
  A gargoyle (D:10)
  The ghost of ponk the Carver, a novice HuCK of Xom (Sewer)
  A hippogriff (D:7)
  A vampire (D:10)
  Sigmund (D:4)
  Eustachio (D:4)
  Grum (D:8)
  A steam dragon (D:8)
  Menkaure (D:5)
  A water moccasin (D:10)
  An orc warrior (D:10)
  A sky beast (D:10)
  2 phantoms
  2 centaurs
  2 ogres
  4 wolves (D:8)
  A big kobold (D:8)
  7 bullfrogs
  A wyvern skeleton (D:10)
  5 scorpions
  5 killer bees
  5 wights (D:10)
  A howler monkey (D:3)
  A bullfrog zombie (D:6)
  3 crimson imps
  A quasit (D:10)
  A jelly (D:6)
  An orc wizard (D:10)
  4 hounds
  An orc priest (D:5)
  A bullfrog skeleton (D:9)
  2 iguanas
  5 worker ants
  2 killer bee zombies
  A howler monkey skeleton (D:8)
  14 adders
  3 gnolls (D:7)
  2 river rats (D:3)
  3 shadow imps
  3 oozes
  2 worms
  8 dart slugs
  4 leopard geckos
  28 orcs
  8 ball pythons
  4 bats
  3 giant cockroaches
  9 goblins
  4 hobgoblins
  19 jackals
  A quokka (D:4)
  12 frilled lizards
  13 kobolds
  A leopard gecko skeleton (D:4)
  15 rats
  5 plants (Sewer)
237 creatures vanquished.

Notes
Turn   | Place    | Note
-------+----------+-------------------------------------------
     0 | D:1      | Klosterheim the Troll Monk began the quest for the Orb.
     0 | D:1      | Reached XP level 1. HP: 22/22 MP: 0/0
    56 | D:1      | Reached XP level 2. HP: 29/29 MP: 1/1
   669 | D:2      | Reached XP level 3. HP: 36/36 MP: 2/2
   724 | D:2      | Found a sacrificial altar of Ru.
   730 | D:2      | Reached skill level 4 in Unarmed Combat
   928 | D:2      | Noticed Sigmund
  1016 | D:2      | Reached XP level 4. HP: 41/44 MP: 3/3
  1414 | D:2      | You fall through a shaft for 2 floors!
  1461 | D:4      | Noticed a phantom
  1504 | D:4      | Killed a phantom
  1504 | D:4      | Reached skill level 5 in Unarmed Combat
  1504 | D:4      | Reached XP level 5. HP: 22/53 MP: 4/4
  1571 | D:4      | Noticed an ogre
  1598 | D:4      | Killed an ogre
  1598 | D:4      | Reached XP level 6. HP: 43/62 MP: 5/5
  1670 | D:4      | Noticed Eustachio
  1827 | D:3      | Reached skill level 6 in Unarmed Combat
  2210 | D:3      | Found a glowing drain.
  2249 | Sewer    | Entered a sewer
  2466 | Sewer    | Noticed ponk's ghost (novice HuCK)
  2470 | Sewer    | Paralysed by ponk's ghost for 2 turns
  2475 | Sewer    | Killed ponk's ghost
  2475 | Sewer    | Reached skill level 7 in Unarmed Combat
  2475 | Sewer    | Reached XP level 7. HP: 59/71 MP: 4/6
  3392 | D:4      | Killed Eustachio
  3553 | D:4      | Found a staircase to the Ecumenical Temple.
  3621 | Temple   | Entered the Ecumenical Temple
  3827 | Temple   | Became a worshipper of Warmaster Okawaru
  3827 | Temple   | Reached * piety under Okawaru
  3827 | Temple   | Reached ** piety under Okawaru
  4082 | D:4      | Killed Sigmund
  4082 | D:4      | Reached skill level 5 in Fighting
  4082 | D:4      | Reached skill level 8 in Unarmed Combat
  4082 | D:4      | Reached XP level 8. HP: 74/80 MP: 4/7
  4388 | D:5      | Entered Level 5 of the Dungeon
  4449 | D:5      | Noticed Menkaure
  4457 | D:5      | Killed Menkaure
  4932 | D:6      | Reached skill level 9 in Unarmed Combat
  5603 | D:7      | Noticed Joseph
  5610 | D:7      | Killed Joseph
  5610 | D:7      | Reached *** piety under Okawaru
  5610 | D:7      | Reached skill level 10 in Unarmed Combat
  5610 | D:7      | Reached XP level 9. HP: 23/89 MP: 2/8
  6369 | D:8      | Found a snail-covered altar of Cheibriados.
  6426 | D:8      | Reached skill level 1 in Invocations
  6522 | D:8      | Found an ancient bone altar of Kikubaaqudgha.
  6525 | D:8      | Noticed Erica
  6526 | D:8      | Found a hide-covered altar of Uskayaw.
  6540 | D:8      | Killed Erica
  6540 | D:8      | Reached **** piety under Okawaru
  6540 | D:8      | Reached skill level 11 in Unarmed Combat
  6799 | D:8      | Found Eqoidoemi's Gadget Boutique.
  6885 | D:8      | Noticed Maurice
  6896 | D:8      | Killed Maurice
  7000 | D:8      | Reached XP level 10. HP: 75/102 MP: 7/11
  7153 | D:8      | Noticed Grum
  7160 | D:8      | Killed Grum
  7169 | D:8      | Reached skill level 1 in Armour
  7515 | D:9      | Found a shattered altar of Ashenzari.
  7523 | D:9      | Found a bloodstained altar of Trog.
  7524 | D:9      | Found a burning altar of Makhleb.
  7526 | D:9      | Found a sparkling altar of Nemelex Xobeh.
  7528 | D:9      | Found a basalt altar of Yredelemnul.
  7529 | D:9      | Found a snail-covered altar of Cheibriados.
  7533 | D:9      | Found a hazy altar of Hepliaklqana.
  7678 | D:9      | Noticed nubinia's ghost (novice OpCj)
  7686 | D:9      | Killed nubinia's ghost
  7686 | D:9      | Reached ***** piety under Okawaru
  7709 | D:9      | Noticed a two-headed ogre
  7716 | D:9      | Killed a two-headed ogre
  7716 | D:9      | Reached skill level 12 in Unarmed Combat
  8100 | D:10     | Entered Level 10 of the Dungeon
  8294 | D:10     | Noticed Sonja
  8301 | D:10     | Killed Sonja
  8528 | D:10     | Noticed a gargoyle
  8534 | D:10     | Killed a gargoyle
  8534 | D:10     | Reached XP level 11. HP: 110/110 MP: 13/13
  8851 | D:11     | Found a staircase to the Lair.
  8864 | D:11     | Noticed a white ugly thing
  8880 | D:11     | HP: 4/110 [white ugly thing (10)]
  8880 | D:11     | Mangled by a white ugly thing

Vault maps used:
D:1:      onia_arrival_handbag
D:2:      first_bread, nicolae_ru_awakened_eye, uniq_sigmund
D:3:      portal_sewer_entry_b, grunt_ministairs_9
D:4:      uniq_eustachio
D:5:      uniq_menkaure
D:6:      minmay_liquid_box
D:7:      uniq_joseph
D:8:      grunt_temple_overflow_open, basic_altar, serial_shops, shop,
          uniq_maurice, uniq_erica, uniq_grum
D:9:      minitemple
D:10:     uniq_sonja
D:11:     minmay_lair_entry_lava, enter_bailey_8, serial_shops,
          nicolae_shop_crystal, nicolae_shop_stone, shop,
          nicolae_shop_behind_doors, shop
Temple:   minmay_temple_bridge_abc
Sewer:    sewer_co_scattered_pipes

Skill      XL: |  1  2  3  4  5  6  7  8  9 10 11 |
---------------+----------------------------------+-----
Unarmed Combat | 4 5 7 8 10 11 12 | 12.6
Fighting       | 3 4 5 6 7 |  7.7
Invocations    | 2 4 |  4.0
Dodging        | 3 4 |  4.7
Armour         | 2 3 |  3.0
Stealth        | |  1.0

Action                   |  1- 3 |  4- 6 |  7- 9 | 10-12 || total
-------------------------+-------+-------+-------+-------++-------
Melee: Unarmed           |    83 |   157 |   274 |   146 ||   660
       Punch             |     1 |     8 |    14 |     9 ||    32
Invok: Heroism           |       |       |     5 |     5 ||    10
       Finesse           |       |       |       |     2 ||     2
  Use: Scroll            |       |     7 |     9 |       ||    16
 Stab: Sleeping          |     3 |     2 |     5 |     8 ||    18
       Distracted        |       |     1 |       |     1 ||     2
  Eat: Chunk             |    15 |    14 |    34 |    25 ||    88
Armor: Robe              |    37 |    64 |    62 |       ||   163
       Steam dragon scal |       |       |       |    27 ||    27
Dodge: Dodged            |    39 |    77 |    96 |    77 ||   289
